 Dungeon Crawl Stone Soup version 0.32-a0-876-gcfddb08e57 (webtiles) character file.

Game seed: 14832695603194429729

1117 ragingrage the Grappler (level 8, -6/56 HPs)
             Began as a Barachi Shapeshifter on Apr 1, 2024.
             Was an Initiate of Ru.
             Shot with an arrow by a centaur (10 damage)
             ... on level 7 of the Dungeon.
             The game lasted 00:09:41 (4758 turns).

ragingrage the Grappler (Barachi Shapeshifter)      Turns: 4758, Time: 00:09:42

Health: -6/56      AC:  3    Str: 18    XL:     8   Next: 34%
Magic:  8/8        EV: 15    Int: 10    God:    Ru [......]
Gold:   150        SH:  0    Dex: 12    Spells: 4/7 levels left

rFire   . .          .
                       - Unarmed
rCold   . . .        (shield currently unavailable)
rNeg    . . .        o - melded +0 scale mail
rPois   +            E - +0 helmet
rElec   .            x - +0 cloak
rCorr   +            (no gloves)
SInv    .            h - +0 pair of boots
Will    .....        t - amulet of regeneration
Stlth   +            y - ring of poison resistance
HPRegen 1.09/turn    F - ring of resist corrosion
MPRegen 0.11/turn

%: no passive effects
@: flux-form, glowing, slow
A: glow, contaminating, amphibious, slowness 1, strong legs 1, +LOS
a: Hop, Begin Untransformation, Renounce Religion, Sacrifice Nimbleness,
Sacrifice Health, Sacrifice Purity, Reject Sacrifices


You were on level 7 of the Dungeon.
You worshipped Ru.
Ru was noncommittal.
You were something dangerously unstable.
You visited 2 branches of the dungeon, and saw 8 of its levels.

You collected 294 gold pieces.
You spent 144 gold pieces at shops.

Inventory:

Hand Weapons
 s - a +1 dagger of draining
Armour
 h - a +0 pair of boots (worn)
 o - a +0 scale mail (melded)
 x - a +0 cloak (worn)
 E - a +0 helmet (worn)
Jewellery
 n - a ring of fire
 t - an amulet of regeneration (around neck)
 y - a ring of poison resistance (left hand)
 F - a ring of resist corrosion (right hand)
Talismans
 c - a beast talisman
 d - a flux talisman (active)
 f - a storm talisman
Wands
 G - a wand of paralysis (12)
Scrolls
 a - a scroll of revelation {unknown}
 e - a scroll of identify
 g - a scroll of torment {unknown}
 i - a scroll of fog {unknown}
 j - a scroll of vulnerability {unknown}
 k - a scroll of amnesia {unknown}
 r - a scroll of fear
 u - a scroll of brand weapon {unknown}
 v - a scroll of enchant armour
 w - a scroll of blinking
 A - a scroll of noise
 B - a scroll of poison
Potions
 b - a potion of might {unknown}
 l - a potion of enlightenment {unknown}
 m - 2 potions of mutation {unknown}
 p - 2 potions of curing {unknown}
 q - a potion of brilliance {unknown}
 z - a potion of heal wounds
 C - a potion of cancellation {unknown}
 D - a potion of ambrosia {unknown}
 H - 2 potions of attraction {unknown}


   Skills:
 + Level 2.2 Fighting
 - Level 2.1 Dodging
 - Level 2.0 Stealth
 + Level 8.2 Unarmed Combat
 - Level 7.0 Shapeshifting


You had 4 spell levels left.
You knew the following spells:

 Your Spells              Type           Power      Damage    Failure   Level
a - Mephitic Cloud        Conj/Alch/Air  0%         N/A       75%         3

Your spell library contained the following spells:

 Spells                   Type           Power      Damage    Failure   Level
 Mercury Vapours          Alch/Air       0%         N/A       50%         2
 Teleport Other           Tloc           0%         N/A       75%         3
 Freezing Cloud           Conj/Ice/Air   0%         6-21      100%        5
 Dispersal                Tloc           0%         N/A       100%        6
 Gell's Gavotte           Tloc           0%         2d(11-16) 100%        6


Dungeon Overview and Level Annotations

Branches:
Dungeon (7/15)             Temple (1/1) D:5

Altars:
Ashenzari
Cheibriados
Dithmenos
Elyvilon
Fedhas
Gozag
Hepliaklqana
Kikubaaqudgha
Makhleb
Nemelex Xobeh
Okawaru
Qazlal
Ru
Sif Muna
Uskayaw
Vehumet
Wu Jian
Xom
Yredelemnul
Zin
The Shining One

Shops:
D:5 =?*

Annotations:
D:2 exclusions: adder and 1 more exclusion
D:5 2 transporters, exclusion: downstairs, 601d51SH's ghost, weakling GnDe


Innate Abilities, Weirdness & Mutations

You are something dangerously unstable.
You glow with magical radiation, making you easy to see and hit.
Foes you strike become dangerously contaminated with magical radiation.
You are incapable of wielding weapons or throwing items.
You are amphibious.
You cover ground slowly.
You can hop short distances.
You have an extended range of vision and can be seen from far away.


Message History

F - a ring of resist corrosion (right hand)
You see here a +0 robe.
Ru believes you are ready to make a new sacrifice.
Ru asks you to corrupt yourself such that: you occasionally shout uncontrollably at your foes.
This is a trivial sacrifice.
Piety after sacrifice: ......
Do you really want to make this sacrifice?
Okay, then.
Okay, then.
Unknown command.
Ru asks you to corrupt yourself such that: you have somewhat slow reflexes. (EV -5).
This is a medium sacrifice.
Piety after sacrifice: *.....
Do you really want to make this sacrifice?
Okay, then.
Ru asks you to corrupt yourself such that: you have somewhat slow reflexes. (EV -5).
This is a medium sacrifice.
Piety after sacrifice: *.....
Do you really want to make this sacrifice?
Okay, then.
Ru asks you to sacrifice your Dodging skill.
This is a major sacrifice.
Piety after sacrifice: *.....
Do you really want to make this sacrifice?
Okay, then.
Okay, then.
G - a wand of paralysis (12)
H - 2 black potions
m - 2 fuming brown potions (gained 1)
A centaur comes into view.
The centaur shouts!
The centaur wields a +0 orcbow.
The centaur shoots an arrow.
The arrow hits you!
The centaur shoots an arrow.
The arrow hits you!
Okay, then.
The centaur shoots an arrow.
The arrow barely misses you.
The centaur shoots an arrow.
The arrow closely misses you.
The centaur shoots an arrow.
The arrow hits you.
The centaur shoots an arrow.
The arrow hits you.
The centaur shoots an arrow.
The arrow hits you!
The centaur shoots an arrow.
The arrow hits you!
* * * LOW HITPOINT WARNING * * *
The centaur shoots an arrow.
The arrow hits you!
You die...
Ru respects your ultimate sacrifice.

####..# #..#
#.#######..#
#..........#######
##########........
######### !#######
##### ###
......c.####...#
#####..
#.p....#.####......
######.............
########......
#####.# #.# #.# #.#
#.# #.#


You could see a centaur.

Vanquished Creatures
  A black bear (D:4)
  An ice beast (D:6)
  An ogre (D:5)
  A centaur (D:5)
  A bullfrog (D:7)
  Blork the orc (D:4)
  A scorpion (Temple)
  A howler monkey (D:4)
  A bombardier beetle (D:5)
  An orc priest (D:7)
  Crazy Yiuf (D:4)
  A sleepcap (D:7)
  4 hounds
  3 iguanas (D:5)
  An orc wizard (D:3)
  7 adders
  3 gnolls (D:5)
  2 shadow imps
  3 dart slugs
  2 ribbon worms (D:2)
  8 orcs
  4 bats
  7 endoplasms
  6 giant cockroaches
  5 goblins
  2 hobgoblins
  2 jackals (D:2)
  A kobold (D:2)
  6 quokkas
  5 ball pythons
  2 frilled lizards
  4 rats
89 creatures vanquished.

Notes
Turn   | Place    | Note
-------+----------+-------------------------------------------
     0 | D:1      | ragingrage the Barachi Shapeshifter began the quest for the
                  | Orb.
     0 | D:1      | Reached XP level 1. HP: 15/15 MP: 1/1
    47 | D:1      | Reached skill level 1 in Stealth
    47 | D:1      | Reached XP level 2. HP: 21/21 MP: 2/2
    54 | D:1      | Found a faded altar of an unknown god.
   105 | D:1      | You fall into a shaft and drop 1 floor!
   433 | D:2      | Reached XP level 3. HP: 26/26 MP: 3/3
   619 | D:2      | Reached skill level 4 in Unarmed Combat
   981 | D:2      | Reached XP level 4. HP: 14/32 MP: 4/4
  1056 | D:2      | Learned a level 3 spell: Mephitic Cloud
  1849 | D:3      | Reached XP level 5. HP: 22/37 MP: 5/5
  2261 | D:4      | Found a shimmering altar of Xom.
  2267 | D:4      | Reached skill level 5 in Unarmed Combat
  2500 | D:4      | Noticed Blork the orc
  2689 | D:4      | Found a shadowy altar of Dithmenos.
  2689 | D:4      | Found a glowing golden altar of the Shining One.
  2714 | D:4      | Killed Blork the orc
  2715 | D:4      | Reached skill level 6 in Unarmed Combat
  2715 | D:4      | Reached XP level 6. HP: 43/43 MP: 6/6
  2901 | D:4      | Noticed a black bear
  2913 | D:4      | Killed a black bear
  2914 | D:4      | Reached skill level 5 in Shapeshifting
  3166 | D:4      | Found a runed translucent door.
  3167 | D:4      | Noticed Crazy Yiuf
  3177 | D:4      | Killed Crazy Yiuf
  3342 | D:5      | Entered Level 5 of the Dungeon
  3342 | D:5      | Found a broken altar of Ashenzari.
  3363 | D:5      | Found Zoqojyaq's General Store.
  3363 | D:5      | Found Dejeaf's Magic Scroll Boutique.
  3363 | D:5      | Found Zivvivy's Jewellery Boutique.
  3365 | D:5      | Bought a potion of heal wounds for 60 gold pieces
  3365 | D:5      | Bought a scroll of identify for 24 gold pieces
  3410 | D:4      | Reached XP level 7. HP: 48/48 MP: 7/7
  3474 | D:5      | Found a staircase to the Ecumenical Temple.
  3500 | Temple   | Entered the Ecumenical Temple
  3532 | Temple   | Became a worshipper of Ru the Awakened
  3687 | D:5      | Noticed 601d51SH's ghost (weakling GnDe)
  3758 | D:5      | Found a transporter.
  3788 | D:5      | Reached skill level 7 in Unarmed Combat
  3854 | D:5      | Found a transporter.
  3899 | D:5      | Bought a scroll of noise for 12 gold pieces
  3899 | D:5      | Bought a scroll of poison for 48 gold pieces
  4015 | D:5      | Found a snail-covered altar of Cheibriados.
  4052 | D:5      | Found a radiant altar of Vehumet.
  4314 | D:6      | Reached XP level 8. HP: 54/54 MP: 8/8
  4339 | D:5      | Reached skill level 8 in Unarmed Combat
  4758 | D:7      | Shot with an arrow by a centaur

Illustrated notes

Levels and vault maps discovered:
D:1:      amcnicky_arrival_abandoned_market, layout_loops_ring, serial_forest,
          infiniplex_forest_clump_C, infiniplex_forest_clump_small,
          infiniplex_forest_straight_3, infiniplex_forest_lined_room_3,
          infiniplex_forest_straight_3, infiniplex_forest_lined_1,
          infiniplex_forest_end_3, hellmonk_ecumenical_altar_heavens_door,
          minivault_24
D:2:      layout_basic, amcnicky_mini_pool_small, due_unseen_surprise
D:3:      layout_loops_corners
D:4:      layout_rooms, xom_butterflies, jmf_multi_god_temple,
          uniq_blork_the_orc, uniq_crazy_yiuf_cottage
D:5:      layout_basic, cheibrodos_ashenzari_chains,
          mainiacjoe_overflow_two_lobes, minmay_temple_entry_ruins,
          gammafunk_ghost_stat_death, nicolae_shop_distant_corner_stores
D:6:      layout_cave_pools
D:7:      layout_loops_ring, minmay_nine_imps, uniq_duvessa
Temple:   regret_index_temple_waves

Skill      XL: |  1  2  3  4  5  6  7  8 |
---------------+-------------------------+-----
Stealth        | 1 2 |  2.0
Unarmed Combat | 4 6 7 8 |  8.2
Shapeshifting  | 4 5 6 7 |  7.0
Fighting       | 2 |  2.2
Dodging        | |  2.1

Action                     |  1- 3 |  4- 6 |  7- 9 || total
---------------------------+-------+-------+-------++-------
  Melee: Unarmed           |    96 |   120 |    96 ||   312
         Punch             |     3 |     4 |     4 ||    11
  Throw: Boomerang         |       |     5 |     2 ||     7
Ability: Hop               |     3 |     1 |     1 ||     5
    Use: Potion            |       |     2 |     1 ||     3
         Scroll            |       |     2 |     1 ||     3
   Stab: Sleeping          |     1 |       |       ||     1
 Armour: Animal skin       |    75 |     7 |       ||    82
         Scale mail        |       |    72 |    59 ||   131
         Skin              |       |     3 |    10 ||    13
  Dodge: Dodged            |    77 |    52 |    53 ||   182
   Form: Flux              |       |       |     2 ||     2
         Beast             |       |       |     1 ||     1

Table legend: (Time is in decaauts)
 A = Elapsed time spent in this place.
 B = Non-inter-level travel time spent in this place.
 C = Inter-level travel time spent in this place.
 D = Time resting spent in this place.
 E = Time spent auto-exploring this place.
 F = Levels seen in this place.
 G = Mean time per level.
                   A        B        C        D        E       F      G
               +--------+--------+--------+--------+--------+-----+--------+
         Total |   5331 |   4914 |    417 |    667 |   2989 |   8 |  666.4 |
       Dungeon |   5175 |   4831 |    344 |    602 |   2989 |   7 |  739.3 |
        Temple |    156 |     83 |     73 |     65 |      0 |   1 |  156.0 |
               +--------+--------+--------+--------+--------+-----+--------+

Top non-repeatable levels by time:
     D:4: 1224 daAuts
     D:2: 1203 daAuts
     D:3: 1143 daAuts
     D:5: 783 daAuts
     D:7: 393 daAuts
     D:1: 276 daAuts
  Temple: 156 daAuts
     D:6: 151 daAuts
